 Dungeon Crawl Stone Soup version 0.32-a0-913-g739538afd8 (webtiles) character file.

Game seed: 716577501180054075

112 Doorstop00 the Covered (level 4, 0/29 HPs)
             Began as a Gargoyle Fighter on Apr 9, 2024.
             Killed from afar by Sigmund (11 damage)
             ... with a puff of flame
             ... on level 3 of the Dungeon.
             The game lasted 00:06:42 (2172 turns).

Doorstop00 the Covered (Gargoyle Fighter)           Turns: 2172, Time: 00:06:43

Health: 0/29       AC: 13    Str: 21    XL:     4   Next: 95%
Magic:  4/4        EV:  7    Int:  9    God:
Gold:   176        SH:  0    Dex:  9    Spells: 3/3 levels left

rFire   . . .        a - +0 flail
rCold   . . .        c - +0 buckler
rNeg    + . .        m - +0 chain mail
rPois   ∞            (no helmet)
rElec   +            (no cloak)
rCorr   .            (no gloves)
SInv    .            (no boots)
Will    .....        (no amulet) Stlth
                     (no ring)
HPRegen 0.24/turn    (no ring)
MPRegen 0.09/turn

%: no passive effects
@: confused
A: sickness immunity, AC +3, negative energy resistance 1, electricity
resistance, torment resistance 1, petrification resistance
a: no special abilities


You were on level 3 of the Dungeon.
You visited 1 branch of the dungeon, and saw 3 of its levels.

You collected 176 gold pieces.

Inventory:

Hand Weapons
 a - a +0 flail (weapon)
Armour
 c - a +0 buckler (worn)
 m - a +0 chain mail (worn)
Scrolls
 b - a scroll of noise {unknown}
 h - a scroll of revelation {unknown}
 i - a scroll of enchant armour {unknown}
 j - a scroll of poison {unknown}
 k - a scroll of enchant weapon {unknown}
 l - a scroll of teleportation {unknown}
Potions
 d - a potion of might
 e - a potion of resistance
 f - 2 potions of haste {unknown}
 g - a potion of cancellation {unknown}


   Skills:
 * Level 3.9 Fighting
 * Level 3.2 Maces & Flails
 * Level 4.1 Armour
 * Level 0.9 Dodging
 * Level 3.7 Shields


You had 3 spell levels left.
You didn't know any spells.
Your spell library contained the following spells:

 Spells                   Type           Power      Damage    Failure   Level
 Magic Dart               Conj           0%         1d3       98%         1
 Blink                    Tloc           0%         N/A       99%         2
 Call Imp                 Summ           0%         N/A       99%         2


Dungeon Overview and Level Annotations

Branches:
Dungeon (3/15)

Altars:

Annotations:
D:3 Sigmund


Innate Abilities, Weirdness & Mutations

You are immune to sickness and miasma.
Your stone body is resilient. (AC +3)
You are immune to poison.
You resist negative energy. (rN+)
You are resistant to electric shocks. (rElec)
You are resistant to unholy torment.
You are immune to petrification.


Message History

The goblin hits you with a +0 dagger.
Things that are here:
a +0 flail; a +0 leather armour; an orc corpse You barely miss Sigmund.
The kobold shouts!
Sigmund closely misses you. The goblin hits you but does no damage.
You barely miss Sigmund. The goblin hits you but does no damage.
You block Sigmund's attack.
You thump Sigmund!
Sigmund is heavily wounded.
The goblin hits you but does no damage.
You barely miss Sigmund.
Sigmund is heavily wounded.
Sigmund hits you with a +0 scythe.
The goblin hits you but does no damage. x2
You hit Sigmund.
Sigmund is heavily wounded.
Sigmund barely misses you. You block the goblin's attack.
You closely miss Sigmund.
Sigmund is heavily wounded.
Sigmund casts a spell at you. The puff of flame hits you!
The goblin hits you but does no damage.
You sock Sigmund!
Sigmund is almost dead.
Sigmund points at you and mumbles some strange words.
You are confused.
The goblin hits you but does no damage.
You bump into the rock wall.
Sigmund casts a spell at you. The puff of flame misses you.
The puff of flame hits the goblin.
The goblin dies!
You bump into the rock wall.
Sigmund points at you and mumbles some strange words.
The magic dart hits you but does no damage.
You're too confused to move!
Sigmund hits you but does no damage. The kobold hits you but does no damage.
You miss the kobold. The kobold hits you but does no damage.
Sigmund casts a spell at you. The puff of flame hits you!
You die...
Sigmund begins carving another notch in his scythe.

#####.. #####÷#.#.....###
....... ##.....#.#####.###
....... #....###..........
.....o. #...#########.####
....... #...#.....# #.#
.....@.##...#.....# #.####
.........l..#.....###.##..
.......##@#...............
....... #@###.....###.###.
....... #K# #.....###.#...
#####.# #.# #######...#.##
#. #.# #....#.#..[ #. ...
#.##.#.#.## #. #...#
#.##.#.#...
....#####.##.#.###.
##...#.)...##.......
#...#.........###.#


You could see Sigmund, a kobold and a frilled lizard.

Vanquished Creatures
  An orc priest (D:3)
  2 adders (D:3)
  4 dart slugs
  2 ribbon worms
  4 orcs (D:3)
  5 bats
  4 endoplasms
  5 giant cockroaches
  2 hobgoblins
  3 quokkas
  6 ball pythons
  2 frilled lizards
  3 goblins
  6 rats
49 creatures vanquished.

Vanquished Creatures (others)
  A goblin (D:3)
1 creature vanquished.

Grand Total: 50 creatures vanquished

Notes
Turn   | Place    | Note
-------+----------+-------------------------------------------
     0 | D:1      | Doorstop00 the Gargoyle Fighter began the quest for the
                  | Orb.
     0 | D:1      | Reached XP level 1. HP: 14/14 MP: 1/1
   356 | D:1      | Reached XP level 2. HP: 19/19 MP: 2/2
  1034 | D:2      | Reached XP level 3. HP: 24/24 MP: 3/3
  1625 | D:3      | Identified the +0 leather armour of the Shifting Gods
                  | {rPois Stlth+}
  1706 | D:3      | Reached skill level 4 in Armour
  1706 | D:3      | Reached XP level 4. HP: 29/29 MP: 4/4
  2108 | D:3      | Identified the +1 arbalest "Ehoenex" {flame, Int+4 Dex+2}
  2149 | D:3      | Noticed Sigmund
  2172 | D:3      | Killed from afar by Sigmund

Illustrated notes

Levels and vault maps discovered:
D:1:      matt_arrival_los_fun, layout_basic, grunt_decor_one_mirror,
          minmay_door_square
D:2:      layout_basic
D:3:      layout_basic, grunt_ministairs_7, minmay_checkerbox, uniq_sigmund

Skill      XL: |  1  2  3  4 |
---------------+-------------+-----
Armour         | 4 |  4.1
Maces & Flails | 3 |  3.2
Fighting       | |  3.9
Dodging        | |  0.9
Shields        | |  3.7

Action                     |  1- 3 |  4- 6 || total
---------------------------+-------+-------++-------
  Melee: Flail             |   119 |    52 ||   171
    Use: Scroll            |     1 |       ||     1
 Armour: Scale mail        |   103 |    10 ||   113
         Chain mail        |       |    41 ||    41
  Dodge: Dodged            |    56 |    24 ||    80
  Block: Buckler           |    23 |    13 ||    36

Table legend: (Time is in decaauts)
 A = Elapsed time spent in this place.
 B = Non-inter-level travel time spent in this place.
 C = Inter-level travel time spent in this place.
 D = Time resting spent in this place.
 E = Time spent auto-exploring this place.
 F = Levels seen in this place.
 G = Mean time per level.
                   A        B        C        D        E       F      G
               +--------+--------+--------+--------+--------+-----+--------+
         Total |   2223 |   2204 |     19 |     90 |   1509 |   3 |  741.0 |
       Dungeon |   2223 |   2204 |     19 |     90 |   1509 |   3 |  741.0 |
               +--------+--------+--------+--------+--------+-----+--------+

Top non-repeatable levels by time:
     D:1: 936 daAuts
     D:3: 667 daAuts
     D:2: 619 daAuts
